 Dungeon Crawl Stone Soup version 0.29.1-15-g9cfb28693d (webtiles) character file.

Game seed: 3479408041885567307

2 javelincjr the Trooper (level 1, -2/18 HPs)
             Began as a Demonspawn Abyssal Knight on Mar 25, 2023.
             Was a Believer of Lugonu.
             Slain by a hobgoblin (3 damage)
             ... on level 1 of the Dungeon.
             The game lasted 00:00:25 (479 turns).

javelincjr the Trooper (Demonspawn Abyssal Knight)   Turns: 479, Time: 00:00:26

Health: -2/18      AC:  3    Str: 13    XL:     1   Next: 33%
Magic:  2/2        EV: 11    Int: 11    God:    Lugonu [**....]
Gold:   17         SH:  0    Dex: 13    Spells: 0/0 levels left

rFire   . . .      SeeInvis .   a - +1 hand axe
rCold   . . .      Faith    .   (no shield)
rNeg    . . .      Spirit   .   b - +0 leather armour
rPois   .          Reflect  .   (no helmet)
rElec   .          Harm     .   (no cloak)
rCorr   .          Rampage  .   (no gloves)
Will    .....                   (no boots)
Stlth   +.........              (no amulet)
HPRegen 0.06/turn               (no ring)
MPRegen 0.08/turn               (no ring)

@: no status effects
A: no striking features
a: Renounce Religion, Depart the Abyss, Bend Space


You were on level 1 of the Dungeon.
You worshipped Lugonu.
Lugonu was pleased with you.
You visited 1 branch of the dungeon, and saw 1 of its levels.
You visited the Abyss 1 time.

You collected 17 gold pieces.

Inventory:

Hand Weapons
 a - a +1 hand axe (weapon)
Armour
 b - a +0 leather armour (worn)


   Skills:
 + Level 3.0 Fighting
 + Level 1.8 Axes
 + Level 1.8 Armour
 + Level 1.0 Dodging
 + Level 2.5 Invocations


You couldn't memorise any spells.
You didn't know any spells.
Your spell library was empty.

Dungeon Overview and Level Annotations

Branches:
Dungeon (1/15)

Altars:


Message History

Lugonu accepts your kill.
You see here a hobgoblin corpse.
You start resting.
HP restored.
You open the door.
A quokka comes into view.
An endoplasm and a hobgoblin come into view.
The hobgoblin shouts!
The endoplasm quivers.
A goblin comes into view. It is wielding a +3 dagger.
There is an open door here.
The quokka bites you but does no damage.
The endoplasm misses you.
You closely miss the quokka.
The goblin shouts!
You hit the endoplasm. The quokka bites you. The endoplasm barely misses you.
You hit the endoplasm but do no damage.
The endoplasm is heavily wounded.
You hit the quokka but do no damage. The quokka barely misses you.
The endoplasm freezes you.
You are frozen.
The quokka completely misses you.
You hit the endoplasm but do no damage.
The endoplasm is heavily wounded.
You closely miss the quokka. You hit the hobgoblin but do no damage.
The hobgoblin closely misses you.
The endoplasm hits you but does no damage.
The quokka bites you.
You are too injured to fight recklessly!
You hit the endoplasm.
You kill the endoplasm!
Lugonu accepts your kill.
You completely miss the hobgoblin. You closely miss the quokka.
The quokka barely misses you. The hobgoblin barely misses you.
Your Dodging skill increases to level 1!
You closely miss the quokka. You hit the hobgoblin but do no damage.
The quokka bites you. The hobgoblin barely misses you.
The quokka closely misses you. The goblin hits you with a +3 dagger.
* * * LOW HITPOINT WARNING * * *
The hobgoblin hits you.
You die...

#..#.#..#..#
###..#
##..##..#
#...##
#..##..#
##.###
##.#..##
###..#
###...##
#...##
.##.###
##.### .#..#
#..# ...##
####'######
#..#
#...@g....#
.#.#
+...rg....#
..##
#.........#
.##
#.........#
##
#.........#
#.........#
#.........#
#.........#


You could see a quokka, a hobgoblin and a goblin.

Vanquished Creatures
  An endoplasm (D:1)
  A hobgoblin (D:1)
2 creatures vanquished.

Notes
Turn   | Place    | Note
-------+----------+-------------------------------------------
     0 | Abyss:1  | javelincjr the Demonspawn Abyssal Knight began the quest
                  | for the Orb.
     0 | Abyss:1  | Reached XP level 1. HP: 18/18 MP: 2/2
    69 | Abyss:1  | Noticed a large abomination
    71 | D:1      | Escaped the Abyss
   479 | D:1      | Reached skill level 1 in Dodging
   479 | D:1      | Slain by a hobgoblin

Illustrated notes

Levels and vault maps discovered:
D:1:      lemuel_arrival_tunnels, layout_basic,
          shapermc_ecumenical_altar_notcrosses

Skill      XL: |  1 |
---------------+----+-----
Dodging        | 1 |  1.0
Fighting       | |  3.0
Axes           | |  1.8
Armour         | |  1.8
Invocations    | |  2.5

Action                   || total
-------------------------++-------
Melee: Hand axe          ||    14
Invok: Depart the Abyss  ||     1
Armor: Leather armour    ||     2
Dodge: Dodged            ||    14
